AoeStats
← TheHuisman

Arabia

509781519Analyzed
1v1 RM · 3d ago on Sep 28, 2026· 54m 57s· 2 players
Game mode
Random Map
Map size
Tiny (2 player)
Population
200
Speed
Normal
Resources
Standard
Victory
Conquest
Starting age
Dark Age
Ending age
Imperial Age
RankedLock teamsTeams togetherTeam positionsShared explorationLock speedFull tech treeHidden civsTurbo modeCheats
Victory
Defeat
🇦🇷 Japanese · Argentina
1101
+16
🇨🇱 Bulgarians · Chile
1102
-16
TheHuisman
6:45 Loom
9:11 Feudal Age
9:59 Double-Bit Axe
9:42 Man-at-Arms
10:08 Arson
12:58 Horse Collar
14:20 Town Watch
15:59 Scale Mail Armor
16:35 Forging
22:54 Castle Age
21:20 Fletching
23:25 Gambesons
23:02 Long Swordsman
24:23 Squires
34:24 Wheelbarrow
44:14 Town Patrol
44:15 Gold Mining
48:32 Imperial Age
49:23 Iron Casting
52:13 Conscription
moyita_80
5:46 Loom
9:01 Feudal Age
18:07 Forging
19:13 Double-Bit Axe
19:49 Scale Barding Armor
19:50 Scale Mail Armor
24:50 Castle Age
23:28 Gold Mining
24:47 Horse Collar
26:23 Iron Casting
26:25 Bow Saw
26:52 Chain Mail Armor
27:37 Squires
28:44 Arson
Connection lost

Rejoining the realm…

Still unreachable

The connection could not be restored.

Session expired

The server has moved on; the page needs a fresh start.